 Dungeon Crawl Stone Soup version 0.31-a0-851-g7ff8af7976 (webtiles) character file.

Game seed: 10614620379455941189

57169 Dirtsage the Cleaver (level 14, -3/108 HPs)
             Began as a Demonspawn Berserker on Oct 6, 2023.
             Was a High Priest of Trog.
             Drowned by a drowned soul (9 damage)
             ... summoned by a merfolk avatar
             ... on level 5 of the Lair of Beasts.
             The game lasted 00:48:14 (16177 turns).

Dirtsage the Cleaver (Demonspawn Berserker)        Turns: 16177, Time: 00:48:15

Health: -3/108     AC: 23    Str: 24    XL:     14   Next: 44%
Magic:  14/14      EV: 17    Int: 20    God:    Trog [*****.]
Gold:   1380       SH: 10    Dex:  8    Spells: 13/13 levels left

rFire   . . .        e - +2 war axe (flame)
rCold   + + .        C - +0 buckler
rNeg    . . .        z - +5 chain mail "Kijext" {+Inv Str+2}
rPois   +            U - +2 helmet
rElec   +            y - +0 cloak
rCorr   .            o - +1 pair of gloves
SInv    .            (no boots)
Will    ++...        c - amulet "Adwento" {Reflect rElec Int+4 Dex-4 SH+5} Stlth
                     E - ring "Ixunwaom" {Fly Will+ Int+6}
HPRegen 0.38/turn    v - ring "Bietinta" {Wiz rPois rC++}
MPRegen 0.14/turn

%: reflection, wizardry (x1)
@: agile, about to teleport, flying, mesmerised
A: hooves 2, repulsion field 1, powered by death 3, powered by pain 2
a: Renounce Religion, Evoke Invisibility, Berserk, Trog's Hand, Brothers in Arms


You were on level 5 of the Lair of Beasts.
You worshipped Trog.
Trog was extremely pleased with you.
You visited 3 branches of the dungeon, and saw 17 of its levels.
You also visited: Ossuary, Bailey and Gauntlet.

You collected 1380 gold pieces.

Inventory:

Hand Weapons
 e - a +2 war axe of flaming (weapon)
 I - a +0 broad axe
 N - a +0 broad axe
Missiles
 a - 5 silver javelins
 F - a throwing net
 H - 5 boomerangs
 W - 4 javelins
Armour
 o - a +1 pair of gloves (worn)
 y - a +0 cloak (worn)
 z - the +5 chain mail "Kijext" (worn) {+Inv Str+2}
   (You found it on level 8 of the Dungeon)

   Str+2:     It affects your strength (+2).
   +Inv:      It lets you turn invisible.
 C - a +0 buckler (worn)
 U - a +2 helmet (worn)
Jewellery
 c - the amulet "Adwento" (around neck) {Reflect rElec Int+4 Dex-4 SH+5}
   (You found it in a Gauntlet)

   [amulet of reflection]

   Reflect:   It reflects blocked missile attacks.
   Int+4:     It affects your intelligence (+4).
   Dex-4:     It affects your dexterity (-4).
   rElec:     It insulates you from electricity.
   SH+5:      It affects your SH (+5).
 v - the ring "Bietinta" (right hand) {Wiz rPois rC++}
   (You found it in a Gauntlet)

   [ring of wizardry]

   Wiz:       It improves your spell success rate.
   rC++:      It greatly protects you from cold.
   rPois:     It protects you from poison
 E - the ring "Ixunwaom" (left hand) {Fly Will+ Int+6}
   (You took it off a deep elf pyromancer on level 8 of the Dungeon)

   [ring of intelligence]

   Int+6:     It affects your intelligence (+6).
   Will+:     It increases your willpower.
   Fly:       It grants you flight.
 S - a ring of see invisible
Wands
 b - a wand of iceblast (28)
 l - a wand of flame (24)
 B - a wand of acid (3)
 D - a wand of digging (6)
 Z - a wand of mindburst (9)
Scrolls
 d - 3 scrolls of revelation
 g - a scroll of fear
 m - 4 scrolls of vulnerability
 r - a scroll of silence
 t - 7 scrolls of teleportation
 u - a scroll of acquirement {unknown}
 w - a scroll of torment {unknown}
 x - 2 scrolls of poison
 A - a scroll of noise {unknown}
 G - 5 scrolls of enchant armour
 K - 2 scrolls of enchant weapon
 M - a scroll of blinking {unknown}
 V - 3 scrolls of fog {unknown}
 X - 3 scrolls of immolation
 Y - a scroll of brand weapon {unknown}
Potions
 f - a potion of mutation {unknown}
 h - 4 potions of haste
 j - 2 potions of berserk rage {unknown}
 k - 3 potions of lignification
 n - 2 potions of resistance
 p - 4 potions of might {unknown}
 q - 5 potions of curing
 s - a potion of cancellation
 J - a potion of magic {unknown}
 L - 2 potions of invisibility {unknown}
 O - 2 potions of heal wounds {unknown}
 Q - 2 potions of enlightenment
 T - a potion of degeneration {unknown}


   Skills:
 * Level 9.6 Fighting
 * Level 13.6 Axes
 - Level 7.4 Throwing
 + Level 8.2 Armour
 + Level 8.2 Dodging
 + Level 8.5 Shields
 + Level 9.4 Evocations


You had 13 spell levels left.
You didn't know any spells.
Your spell library contained the following spells:

 Spells                   Type           Power      Damage    Failure   Level
 Slow                     Hex            0%         N/A       38%         1
 Blink                    Tloc           0%         N/A       50%         2
 Lesser Beckoning         Tloc           0%         N/A       50%         2
 Momentum Strike          Conj/Tloc      0%         3d8       50%         2
 Wereblood                Tmut           0%         N/A       50%         2
 Confusing Touch          Hex            0%         N/A       73%         3
 Sigil of Binding         Hex            0%         N/A       73%         3
 Tukima's Dance           Hex            0%         N/A       73%         3
 Vampiric Draining        Necr           0%         2d6       73%         3
 Manifold Assault         Tloc           0%         N/A       98%         4
 Olgreb's Toxic Radiance  Pois           0%         N/A       98%         4
 Passage of Golubria      Tloc           0%         N/A       98%         4
 Alistair's Intoxication  Tmut/Pois      0%         N/A       100%        5
 Yara's Violent Unravell  Hex/Tmut       0%         3d3       100%        5


Dungeon Overview and Level Annotations

Branches:
Dungeon (11/15)            Temple (1/1) D:5            Lair (5/5) D:11
 Shoals (0/4) Lair:2       Spider (0/4) Lair:2        Slime (0/5) Lair:4
    Orc (0/2) D:11        Ossuary (visited)          Bailey (visited)
Gauntlet (visited)

Altars:
Ashenzari
Cheibriados
Dithmenos
Fedhas
Gozag
Hepliaklqana
Kikubaaqudgha
Makhleb
Nemelex Xobeh
Okawaru
Qazlal
Ru
Sif Muna
Trog
Uskayaw
Vehumet
Wu Jian
Xom
Yredelemnul
Jiyva

Shops:
D:4 =   D:10 [


Innate Abilities, Weirdness & Mutations

You have hoof-like feet.
You are surrounded by a mild repulsion field. (EV +2)
You regenerate a lot of health from kills.
You sometimes gain power by taking damage.


Message History

The merfolk avatar is moderately wounded.
You slash the drowned soul! You burn the drowned soul.
The drowned soul touches you. The drowned soul drowns you!
You take 16 damage, and have 66/108 hp.
You are too injured to fight recklessly!
The merfolk avatar chants its luring song.
The drowned soul touches you. The drowned soul drowns you!
The drowned soul touches you. The drowned soul drowns you!
You take 22 damage, and have 44/108 hp.
MASSIVE DAMAGE!!
You barely miss the merfolk avatar. You kick the merfolk avatar.
The merfolk avatar is moderately wounded.
The merfolk avatar chants its luring song.
You are too mesmerised to rage.
You hit the merfolk avatar but do no damage.
You kick the merfolk avatar.
The merfolk avatar is moderately wounded.
You slash the drowned soul! You burn the drowned soul.
You block the drowned soul's attack.
You closely miss the drowned soul. Your kick misses the drowned soul.
You hit the drowned soul. You burn the drowned soul.
The merfolk avatar chants its luring song.
You hit the drowned soul. You burn the drowned soul.
Your kick misses the drowned soul.
The drowned soul is moderately damaged.
You completely miss the drowned soul. You closely miss the drowned soul.
You block the drowned soul's attack. The drowned soul touches you.
The drowned soul drowns you!
You take 12 damage, and have 33/108 hp.
Okay, then.
As you read the scroll of teleportation, it crumbles to dust.
You feel strangely unstable. The drowned soul touches you.
The drowned soul drowns you!
* * * LOW HITPOINT WARNING * * *
You focus on the pain.
You feel more agile all of a sudden. The drowned soul touches you.
The drowned soul drowns you!
* * * LOW HITPOINT WARNING * * *
The merfolk avatar chants its luring song.
The drowned soul touches you. The drowned soul drowns you!
You die...

#.~##~..P.. ~~
#~~~~...... ~#####
#~~~.~.)#.. #)$$!#
~#~~~~..#... #~ #!≈≈!#
~~#~~~~~.#... #~~
#[≈mW#~~~#~~~~...#..
#~~~#![!?#~~~#~~~~......
#~~~#~..~#~~~#.~~~~#.#..
#~~~8~~@~.~~~#~~~#.###..
#⌠~.~~~~~~.~⌠#~~##......
#####~~~~#####~~.~......
#~.~~~~~~~~~8#~P~~~.....
#~#~~~8~~#~#~#~~##......
#~.~~~P~~~~~~#~~#~..#...
~~~###~~.##†##~~~~.##...
~~~.~~~~~~~~~~~~~~~~#...
##~~~#~~#~~~##~~##~~~...


You could see a merfolk avatar (mesmerising) and a drowned soul (summoned).

Vanquished Creatures
  A minotaur (Gauntlet)
  A dire elephant (Gauntlet)
  2 vault guards (Bailey)
  An ice dragon (Lair:2)
  3 hydras
  A death yak (Lair:2)
  2 boulder beetles
  2 two-headed ogres
  Erica (D:9)
  3 skysharks
  A sea snake (Lair:5)
  A harpy (Lair:5)
  A deep elf pyromancer (D:8)
  3 ugly things
  A manticore (D:8)
  A cyclops (D:8)
  12 elephants
  4 black mambas
  An ice statue (Lair:2)
  Joseph (Lair:1)
  Maggie (D:7)
  12 cane toads
  A torpor snail (Lair:3)
  2 kobold demonologists (D:9)
  Jeremiah (D:7)
  3 ice devils (Lair:2)
  5 rime drakes
  10 komodo dragons
  2 trolls (D:10)
  5 polar bears
  A wind drake (Lair:5)
  Prince Ribbit (Bailey)
  13 hornets
  A snapping turtle (Lair:5)
  A tarantella (Lair:2)
  24 blink frogs
  A raiju (Gauntlet)
  Sigmund (D:6)
  46 yaks
  A spriggan (Lair:4)
  5 wyverns
  2 shadows (D:9)
  A dire elephant simulacrum (Lair:2)
  5 humans (Bailey)
  4 basilisks
  Grum (D:8)
  2 steam dragons
  An acid dragon (D:9)
  Duvessa (D:7)
  15 water moccasins
  An ice beast (D:6)
  An orc warrior (D:11)
  2 sky beasts (D:7)
  4 black bears
  A boggart (shapeshifter) (D:8)
  23 wolves
  2 elf zombies (Ossuary)
  8 centaurs
  2 phantoms
  22 bullfrogs
  A gnoll sergeant (D:8)
  2 scorpions
  A cane toad simulacrum (Lair:2)
  3 two-headed ogre simulacra (Lair:2)
  8 wights
  Dowan (D:7)
  16 killer bees
  5 howler monkeys
  A centaur zombie (Ossuary)
  A hound (D:4)
  3 jellies
  Crazy Yiuf (D:5)
  6 iguanas
  2 orc priests
  Ijyb (D:5)
  4 sleepcaps
  6 orc wizards
  A lightning spire (Gauntlet)
  A polar bear simulacrum (Lair:2)
  A wolf simulacrum (Lair:2)
  2 mummies (Ossuary)
  3 gnolls (D:3)
  7 adders
  3 white imps
  An ufetubus (D:6)
  A worm (D:4)
  4 dart slugs
  23 orcs
  7 endoplasms
  3 giant cockroaches
  7 goblins
  12 hobgoblins
  5 jackals (D:3)
  4 quokkas
  8 ball pythons
  3 bats
  8 frilled lizards
  6 goblin zombies
  4 hobgoblin zombies (Ossuary)
  9 kobolds
  2 orc zombies (Ossuary)
  A quokka zombie (D:7)
  4 rats
470 creatures vanquished.

Notes
Turn   | Place    | Note
-------+----------+-------------------------------------------
     0 | D:1      | Dirtsage the Demonspawn Berserker began the quest for the
                  | Orb.
     0 | D:1      | Reached XP level 1. HP: 18/18 MP: 1/1
    74 | D:1      | Reached skill level 3 in Axes
   139 | D:1      | Gained mutation: You regenerate a little health from kills.
                  | [demonic ancestry]
   139 | D:1      | Reached XP level 2. HP: 23/24 MP: 2/2
   705 | D:2      | Identified the +1 dagger of Tartarus {protect, Str+5 Dex-2}
  1052 | D:2      | Noticed a scorpion
  1059 | D:2      | Gained mutation: You have large cloven feet. [demonic
                  | ancestry]
  1059 | D:2      | Reached XP level 3. HP: 29/29 MP: 3/3
  1066 | D:2      | Killed a scorpion
  1067 | D:2      | Reached skill level 4 in Axes
  1067 | D:2      | Reached skill level 1 in Throwing
  1067 | D:2      | Reached XP level 4. HP: 35/35 MP: 4/4
  1134 | D:2      | Reached ** piety under Trog
  1563 | D:3      | Gained mutation: You regenerate health from kills. [demonic
                  | ancestry]
  1563 | D:3      | Reached XP level 5. HP: 41/41 MP: 5/5
  1582 | D:3      | Reached skill level 5 in Axes
  2461 | D:4      | Noticed a phantom
  2480 | D:4      | Killed a phantom
  2481 | D:4      | Gained mutation: You regenerate a lot of health from kills.
                  | [demonic ancestry]
  2481 | D:4      | Reached XP level 6. HP: 41/47 MP: 6/6
  2516 | D:4      | Found Dusor's Jewellery Shop.
  2572 | D:4      | Reached skill level 1 in Evocations
  3132 | D:4      | Found a bloodstained altar of Trog.
  3243 | D:5      | Entered Level 5 of the Dungeon
  3274 | D:5      | Reached *** piety under Trog
  3275 | D:5      | Reached skill level 6 in Axes
  3275 | D:5      | Reached XP level 7. HP: 37/52 MP: 7/7
  3632 | D:5      | Noticed Ijyb
  3650 | D:5      | Killed Ijyb
  4548 | D:5      | Found a runed translucent door.
  4549 | D:5      | Noticed Crazy Yiuf
  4556 | D:5      | Killed Crazy Yiuf
  4629 | D:5      | Found a staircase to the Ecumenical Temple.
  4636 | Temple   | Entered the Ecumenical Temple
  4727 | D:6      | Noticed Sigmund
  4751 | D:6      | Killed Sigmund
  4773 | D:6      | Reached skill level 7 in Axes
  4773 | D:6      | Reached XP level 8. HP: 58/58 MP: 8/8
  4899 | D:6      | Identified the +6 chain mail "Ronit" {Int+3 Dex+2 Stlth-}
  5386 | D:7      | Found a sand-covered staircase.
  5394 | Ossuary  | Entered an ossuary
  5491 | Ossuary  | Reached **** piety under Trog
  5492 | Ossuary  | Reached skill level 8 in Axes
  5631 | D:7      | Reached skill level 5 in Throwing
  5777 | D:7      | Reached XP level 9. HP: 33/64 MP: 9/9
  5883 | D:7      | Noticed Dowan
  5884 | D:7      | Noticed Duvessa
  5894 | D:7      | Killed Duvessa
  5895 | D:7      | Killed Dowan
  6007 | D:7      | Noticed Maggie
  6016 | D:7      | Killed Maggie
  6017 | D:7      | Reached skill level 5 in Evocations
  6379 | D:7      | Noticed Jeremiah
  6397 | D:7      | Killed Jeremiah
  6398 | D:7      | Reached skill level 9 in Axes
  6743 | D:8      | Noticed Grum
  6762 | D:8      | Killed Grum
  6764 | D:8      | Gained mutation: You sometimes gain a little power by
                  | taking damage. [demonic ancestry]
  6764 | D:8      | Reached XP level 10. HP: 73/73 MP: 10/10
  6765 | D:8      | Saving game... please wait.
  6791 | D:8      | Reached skill level 1 in Shields
  6802 | D:8      | Noticed a boulder beetle
  6803 | D:8      | Noticed a cyan ugly thing
  6803 | D:8      | Noticed a red ugly thing
  6974 | D:8      | Found a flagged portal.
  6988 | Bailey   | Entered a bailey
  7071 | Bailey   | Reached skill level 5 in Fighting
  7165 | Bailey   | Noticed Prince Ribbit
  7171 | Bailey   | Noticed a vault guard
  7176 | Bailey   | Killed Prince Ribbit
  7316 | Bailey   | Killed a vault guard
  7403 | Bailey   | Noticed a vault guard
  7413 | Bailey   | Killed a vault guard
  7656 | D:9      | Found a hazy altar of Hepliaklqana.
  7656 | D:9      | Found a broken altar of Ashenzari.
  7678 | D:9      | Reached skill level 10 in Axes
  7691 | D:9      | Reached ***** piety under Trog
  7702 | D:9      | Gained mutation: You sometimes gain power by taking damage.
                  | [demonic ancestry]
  7702 | D:9      | Reached XP level 11. HP: 81/81 MP: 11/11
  7833 | D:9      | Found an iron altar of Okawaru.
  7845 | D:9      | Found a basalt altar of Yredelemnul.
  7864 | D:9      | Noticed Erica
  7880 | D:10     | Entered Level 10 of the Dungeon
  7991 | D:9      | Killed Erica
  8102 | D:9      | Noticed a two-headed ogre
  8113 | D:9      | Killed a two-headed ogre
  8114 | D:9      | Reached skill level 5 in Dodging
  8326 | D:9      | Reached skill level 5 in Armour
  8456 | D:9      | Found an ornate altar of the Wu Jian Council.
  8619 | D:10     | Noticed a two-headed ogre
  8663 | D:10     | Reached skill level 5 in Shields
  8691 | D:10     | Found Hunko's Armour Boutique.
  9199 | D:10     | Noticed a two-headed ogre
  9205 | D:10     | Killed a two-headed ogre
  9233 | D:11     | Found a gate leading to a gauntlet.
  9237 | Gauntlet | Entered a Gauntlet
  9237 | Gauntlet | Found a transporter.
  9237 | Gauntlet | Found a runed translucent door.
  9237 | Gauntlet | Found a transporter.
  9238 | Gauntlet | Found a runed translucent door.
  9238 | Gauntlet | Noticed a soul eater
  9239 | Gauntlet | Found a transporter.
  9239 | Gauntlet | Found a transporter.
  9269 | Gauntlet | Noticed a dire elephant
  9271 | Gauntlet | Found a transporter.
  9271 | Gauntlet | Found a transporter.
  9273 | Gauntlet | Found a transporter.
  9273 | Gauntlet | Found a transporter.
  9276 | Gauntlet | Noticed a hell hog
  9288 | Gauntlet | Found a transporter.
  9304 | Gauntlet | Found a transporter.
  9312 | Gauntlet | Noticed a hell hog
  9313 | Gauntlet | Found a runed translucent gate.
  9314 | Gauntlet | Found a transporter.
  9314 | Gauntlet | Found a runed translucent gate.
  9315 | Gauntlet | Found a runed translucent gate.
  9327 | Gauntlet | Found a transporter.
  9378 | Gauntlet | Found a transporter.
  9392 | Gauntlet | Found a transporter.
  9589 | Gauntlet | Killed a dire elephant
  9623 | Gauntlet | Identified the ring "Bietinta" {Wiz rPois rC++}
  9696 | Gauntlet | Identified the amulet "Adwento" {Reflect rElec Int+4 Dex-4
                  | SH+5}
  9715 | Gauntlet | Noticed a minotaur
  9727 | Gauntlet | Killed a minotaur
  9728 | Gauntlet | Gained mutation: You have hoof-like feet. [demonic
                  | ancestry]
  9728 | Gauntlet | Reached XP level 12. HP: 88/89 MP: 12/12
  9855 | D:11     | Reached skill level 11 in Axes
  9976 | D:11     | Noticed a boulder beetle
  9988 | D:11     | Killed a boulder beetle
 10163 | D:11     | Found a staircase to the Orcish Mines.
 10549 | D:11     | Found a staircase to the Lair.
 11019 | D:8      | Identified the +6 falchion of Animal Spirits {protect, rF+
                  | Str+2}
 11019 | D:8      | Identified the ring "Ixunwaom" {Fly Will+ Int+6}
 11081 | D:8      | Killed a boulder beetle
 11149 | D:8      | Identified the +5 chain mail "Kijext" {+Inv Str+2}
 11165 | D:8      | Got a well-preserved book
 11341 | Lair:1   | Entered Level 1 of the Lair of Beasts
 11484 | Lair:1   | Noticed Joseph
 11511 | Lair:1   | Killed Joseph
 12310 | Lair:2   | Noticed a death yak
 12329 | Lair:2   | Killed a death yak
 12330 | Lair:2   | Reached skill level 12 in Axes
 12340 | Lair:2   | Gained mutation: You are surrounded by a mild repulsion
                  | field. (EV +2) [demonic ancestry]
 12340 | Lair:2   | Reached XP level 13. HP: 98/98 MP: 13/13
 12550 | Lair:2   | Found a hole to the Spider Nest.
 12696 | Lair:2   | Found a staircase to the Shoals.
 12911 | Lair:2   | Received a gift from Trog
 14701 | Lair:4   | Received a gift from Trog
 14724 | Lair:4   | Reached skill level 13 in Axes
 14941 | Lair:4   | Reached XP level 14. HP: 108/108 MP: 14/14
 15002 | Lair:4   | Found a viscous altar of Jiyva.
 15002 | Lair:4   | Found a staircase to the Slime Pits.
 15354 | Lair:5   | Entered Level 5 of the Lair of Beasts
 15870 | Lair:5   | Received a gift from Trog
 16177 | Lair:5   | Drowned by a drowned soul

Illustrated notes

Levels and vault maps discovered:
D:1:      lightli_arrival_chessboard, layout_basic
D:2:      minmay_angry_zag, layout_loops_cross, nicolae_elevator_lobby_asterisk
D:3:      layout_loops_ring, dk_noncrumbling_2, hellmonk_no_cap
D:4:      layout_loops_ring, trog_hazing_becter, serial_shops, shop,
          minmay_misc_feat_pillars, minmay_lizard_king
D:5:      layout_layer_cave, minmay_temple_entry_statues_pillars,
          uniq_crazy_yiuf_cottage, uniq_ijyb
D:6:      layout_loops_ring, uniq_sigmund
D:7:      layout_basic, enter_ossuary_4, abandoned_shop, uniq_jeremiah,
          uniq_maggie, uniq_duvessa
D:8:      minmay_the_grid_triangle_9x9_rhombus_thin
          [minmay_the_grid_triangle_9x9_wacky_v,
          minmay_the_grid_triangle_9x9_prize_insulated,
          minmay_the_grid_triangle_9x9_pentomino_pain,
          minmay_the_grid_triangle_9x9_descending_squares], layout_rooms,
          enter_bailey_2, uniq_grum
D:9:      layout_cave_pools, pdpol_wu_jian_five_deadly_venoms,
          mainiacjoe_overflow_chevrons, grunt_temple_overflow_open,
          mainiacjoe_overflow_cross_hatched, uniq_erica
D:10:     layout_irregular_city, serial_glass, glass_columns_c, glass_columns_a,
          glass_columns_c, glass_columns_a, glass_columns_b, serial_shops, shop,
          minmay_holes
D:11:     layout_roguey, david_lair_shrubbed, orc_0_dummy,
          gauntlet_entry_generic
Temple:   bh_familiar_temple
Lair:1:   layout_long_grid, minivault_11, grunt_megastairs_1, uniq_joseph
Lair:2:   dreamdust_isle_of_ice, layout_regular_city, elwin_shoals_entry_rocks,
          spider_nest_entry_rubble
Lair:3:   layout_gridlike, dreamdust_wasp_nest, lemuel_fruit_fields
Lair:4:   layout_roguey, nicolae_slime_entry_slimehenge,
          grunt_forest_large_clearings
Lair:5:   gammafunk_lair_ancient_temple, layout_long_grid

Skill      XL: |  1  2  3  4  5  6  7  8  9 10 11 12 13 14 |
---------------+-------------------------------------------+-----
Axes           | 3 4 5 6 7 8 9 10 12 13 | 13.6
Throwing       | 1 2 3 4 5 6 7 |  7.4
Evocations     | 1 3 4 5 6 7 8 9 |  9.4
Armour         | 2 3 4 5 6 7 8 |  8.2
Dodging        | 2 3 4 5 6 7 8 |  8.2
Fighting       | 4 5 6 7 9 |  9.6
Shields        | 3 5 7 8 |  8.5

Action                     |  1- 3 |  4- 6 |  7- 9 | 10-12 | 13-15 || total
---------------------------+-------+-------+-------+-------+-------++-------
  Melee: Hand axe          |    65 |   271 |   321 |       |       ||   657
         Punch             |       |     4 |     6 |       |       ||    10
         Kick              |       |    11 |    97 |   148 |   218 ||   474
         War axe           |       |       |    72 |   486 |   669 ||  1227
  Throw: Javelin           |       |     1 |     5 |     2 |     4 ||    12
         Throwing net      |       |       |     1 |       |       ||     1
         Boomerang         |       |       |       |     8 |       ||     8
 Invoke: Berserk           |     2 |     2 |     8 |    14 |     6 ||    32
         Trog's Hand       |       |       |       |       |     1 ||     1
  Evoke: Wand              |       |     3 |     2 |    11 |       ||    16
    Use: Scroll            |       |       |       |    12 |     6 ||    18
         Potion            |       |       |       |     9 |       ||     9
 Armour: Animal skin       |    11 |       |       |       |       ||    11
         Ring mail         |    20 |   169 |    29 |       |       ||   218
         Chain mail        |       |       |   314 |   445 |   581 ||  1340
  Dodge: Dodged            |    40 |   142 |   178 |   211 |   350 ||   921
  Block: Buckler           |       |       |     3 |   183 |   402 ||   588
         Reflection        |       |       |       |     4 |     1 ||     5

Table legend: (Time is in decaauts)
 A = Elapsed time spent in this place.
 B = Non-inter-level travel time spent in this place.
 C = Inter-level travel time spent in this place.
 D = Time resting spent in this place.
 E = Time spent auto-exploring this place.
 F = Levels seen in this place.
 G = Mean time per level.
                   A        B        C        D        E       F      G
               +--------+--------+--------+--------+--------+-----+--------+
         Total |  16335 |  15589 |    746 |   2278 |   9685 |  20 |  816.8 |
       Dungeon |  10179 |   9547 |    632 |   1334 |   6474 |  11 |  925.4 |
        Temple |      1 |      1 |      0 |      0 |      0 |   1 |    1.0 |
          Lair |   4823 |   4710 |    113 |    637 |   2889 |   5 |  964.6 |
       Ossuary |    197 |    197 |      0 |     48 |     74 |   1 |  197.0 |
        Bailey |    518 |    518 |      0 |    158 |    181 |   1 |  518.0 |
      Gauntlet |    614 |    614 |      0 |    100 |     67 |   1 |  614.0 |
               +--------+--------+--------+--------+--------+-----+--------+

Top non-repeatable levels by time:
     D:5: 1442 daAuts
  Lair:2: 1285 daAuts
    D:11: 1168 daAuts
     D:7: 1134 daAuts
  Lair:3: 1083 daAuts
  Lair:1: 987 daAuts
     D:3: 928 daAuts
     D:4: 919 daAuts
    D:10: 916 daAuts
  Lair:5: 813 daAuts
     D:9: 759 daAuts
     D:8: 758 daAuts
     D:2: 741 daAuts
     D:6: 712 daAuts
     D:1: 698 daAuts
